 Dungeon Sprint DCSS version 0.26-a0-668-gd58323b419 (webtiles) character file.

Game seed: 4400188918360239077

267555 mhtbhm the Minotaur Barricade (level 17, -2/191 HPs)
             Began as a Minotaur Fighter on Oct 18, 2020.
             Was the Champion of Okawaru.
             Killed from afar by an electric golem (16 damage)
             ... with a bolt of lightning
             ... in the Dungeon (Sprint IX: "|||||||||||||||||||||||||||||") on Oct 19, 2020.
             The game lasted 00:20:22 (7664 turns).

mhtbhm the Minotaur Barricade (Minotaur Fighter)    Turns: 7664, Time: 00:20:23

Health: -2/191     AC: 31    Str: 40    XL:     17   Next: 71%
Magic:  25/25      EV: 14    Int:  5    God:    Okawaru [******]
Gold:   515        SH: 35    Dex:  7    Spells: 16/16 levels left

rFire    + + +     SeeInvis .   a - +1 demon blade (vamp)
rCold    + . .     Faith    .   c - +1 tower shield {rF+}
rNeg     + + .     Spirit   .   b - +1 plate armour {rF+}
rPois    +         Reflect  +   g - +2 hat of the Journeyman {*Drain rF+ rC+ Str+2}
rElec    .         Harm     .   o - +0 cloak {rCorr}
rCorr    +         Rampage  .   G - +0 pair of gloves {Str+3}
MR       +....     NoTele   +   O - +0 pair of boots of Loiluropt {+Inv} (curse)
Stlth    ..........             Q - amulet of the Mackerel {Reflect rN++ Str+5 Dex-5 SH+5}
HPRegen  0.41/turn              S - ring of Ziasilyh {rPois rF+ Str+4}
MPRegen  0.19/turn              E - +4 ring of slaying

@: no status effects
A: retaliatory headbutt, horns 2
}: 5/17 runes: decaying, serpentine, barnacled, silver, gossamer
a: Heroism, Finesse, Renounce Religion, Evoke Invisibility


You were in the Dungeon.
You worshipped Okawaru.
Okawaru was exalted by your worship.
You visited 1 branch You collected 1987 gold pieces.
You spent 1472 gold pieces at shops.

Inventory:

Hand Weapons
 a - a +1 vampiric demon blade (weapon)
 r - a +4 scimitar of flaming
 L - a +4 demon blade
 N - a +2 double sword of draining
 P - the +12 glaive of Prune {vorpal}
   (You took it off an orc warlord in the Dungeon)

   It inflicts extra damage upon your enemies.
Missiles
 B - 19 silver javelins (quivered)
 J - a curare-tipped dart
 M - 32 javelins
Armour
 b - a +1 plate armour of fire resistance (worn)
 c - a +1 tower shield of fire resistance (worn)
 g - the +2 hat of the Journeyman (worn) {*Drain rF+ rC+ Str+2}
   (Okawaru gifted it to you in the Dungeon)

   It affects your strength (+2).
   It protects you from fire.
   It protects you from cold.
   It causes draining when unequipped.
 o - a +0 cloak of preservation (worn)
 G - a +0 pair of gloves of strength (worn)
 O - the cursed +0 pair of boots of Loiluropt (worn) {+Inv}
   (You found it in the Dungeon)

   It lets you turn invisible.
   It has a curse placed upon it.
Jewellery
 z - the amulet of Discretion {Reflect rF++ rN+ Int-3 SH+5}
   (You bought it in a shop in the Dungeon)

   [amulet of reflection]

   It shields you and reflects attacks.
   It affects your intelligence (-3).
   It greatly protects you from fire.
   It protects you from negative energy.
   It affects your SH (+5).
 C - the ring "Vunabruz" {rElec rF+ SInv}
   (You found it in the Dungeon)

   [ring of see invisible]

   It protects you from fire.
   It insulates you from electricity.
   It lets you see invisible.
 E - a +4 ring of slaying (right hand)
 Q - the amulet of the Mackerel (around neck) {Reflect rN++ Str+5 Dex-5 SH+5}
   (You found it in the Dungeon)

   [amulet of reflection]

   It shields you and reflects attacks.
   It affects your strength (+5).
   It affects your dexterity (-5).
   It greatly protects you from negative energy.
   It affects your SH (+5).
 S - the ring of Ziasilyh (left hand) {rPois rF+ Str+4}
   (You found it in the Dungeon)

   [ring of poison resistance]

   It affects your strength (+4).
   It protects you from fire.
   It protects you from poison.
Wands
 n - a wand of acid (3)
 y - a wand of iceblast (6)
Scrolls
 j - 4 scrolls of blinking
 l - 8 scrolls of remove curse
 m - 3 scrolls of amnesia
 p - 6 scrolls of enchant armour
 u - 6 scrolls of identify
 v - 5 scrolls of fog
 I - 2 scrolls of enchant weapon
Potions
 d - 5 potions of might
 e - 12 potions of curing
 f - 2 potions of invisibility
 h - 9 potions of magic
 i - 10 potions of haste
 k - 5 potions of heal wounds
 s - 2 potions of mutation
 t - 2 potions of brilliance
 x - 3 potions of stabbing
 A - 4 potions of resistance
 F - a potion of berserk rage


   Skills:
 O Level 27 Fighting
 O Level 27 Long Blades
 + Level 23.2 Throwing
 O Level 27 Armour
 + Level 12.6 Dodging
 + Level 3.7 Stealth
 O Level 27 Shields
 + Level 13.1 Invocations
 + Level 10.5 Evocations


You had 16 spell levels left.
You didn't know any spells.
Your spell library contained the following spells:

 Spells                   Type           Power        Failure   Level
 Magic Dart               Conj           #...         75%         1
 Searing Ray              Conj           #.....       86%         2
 Dazzling Flash           Conj/Hex       #.....       98%         3
 Fulminant Prism          Conj/Hex       #.........   100%        4
 Iskenderun's Mystic Bla  Conj/Tloc      #.......     100%        4


Dungeon Overview and Level Annotations

Branches:
Dungeon (1/1)

Altars:
Cheibriados
Dithmenos
Elyvilon
Fedhas
Gozag
Hepliaklqana
Kikubaaqudgha
Makhleb
Nemelex Xobeh
Okawaru
Qazlal
Ru
Sif Muna
Trog
Uskayaw
Vehumet
Wu Jian
Xom
Yredelemnul
Zin
The Shining One
Beogh
Jiyva
Lugonu

Shops:
D !!=?


Innate Abilities, Weirdness & Mutations

You reflexively headbutt those who attack you in melee.
You have a pair of horns on your head.


Message History

You kill the green draconian!
Okawaru accepts your kill.
The silver javelin completely misses the electric golem.
The electric golem hurls lightning at you.
The bolt of lightning misses you.
You block the electric golem's attack. x2
The electric golem hits you but does no damage.
The electric golem misses you.
Unknown command.
You miss the electric golem.
The electric golem is moderately damaged.
The electric golem hurls lightning at you.
The bolt of lightning hits you!!!
* * * LOW HITPOINT WARNING * * *
Unknown command.
You closely miss the electric golem.
Your headbutt misses the electric golem.
The electric golem is moderately damaged.
The electric golem hurls lightning at you.
The bolt of lightning hits you!
You die...

▓▓▓▓▓▓▓▓▓▓▓▓▓▓▓▓▓▓▓▓▓▓▓▓▓▓▓▓▓
.)))..).°°°)°)°.@8...)().°○○.
▓▓▓▓▓▓▓▓▓▓▓▓▓▓▓▓▓▓▓▓▓▓▓▓▓▓▓▓▓▓▓▓▓
.....)...........................
▓▓▓▓▓▓▓▓▓▓▓▓▓▓▓▓▓▓▓▓▓▓▓▓▓▓▓▓▓▓▓▓▓
..'........=...)))))))...[[[[[[[.
▓▓▓▓▓▓▓▓▓▓▓▓▓▓▓▓▓▓▓▓▓▓▓▓▓▓▓▓▓▓▓▓▓
............)!...................
▓▓▓▓▓▓▓▓▓▓▓▓▓▓▓▓▓▓▓▓▓▓▓▓▓▓▓▓▓▓▓▓▓
.....)))))))))...[)))).......(.')


You could see an electric golem.

Vanquished Creatures
  Mara (D)
  Xtahua (D)
  Margery (D)
  Frederick (D)
  A golden dragon (D)
  Jory (D)
  2 tentacled monstrosities (D)
  A titan (D)
  A storm dragon (D)
  7 shadow dragons (D)
  3 tengu reavers (D)
  Ilsuiw (D)
  4 nagarajas (D)
  Donald (D)
  A frost giant (D)
  A fire giant (D)
  An orc warlord (D)
  A draconian knight (D)
  2 vault wardens (D)
  6 emperor scorpions (D)
  A very ugly thing (D)
  3 ironheart preservers (D)
  A draconian annihilator (D)
  10 stone giants (D)
  3 black draconians (D)
  Nessos (D)
  2 green draconians (D)
  A red draconian (D)
  A yellow draconian (D)
  Azrael (D)
  2 purple draconians (D)
  A deep elf annihilator (D)
  3 ettins (D)
  3 merfolk javelineers (D)
  Snorg (D)
  4 merfolk impalers (D)
  2 fire dragons (D)
  A great orb of eyes (D)
  A deep elf high priest (D)
  3 ice dragons (D)
  9 hydras (D)
  3 rakshasas (D)
  A boulder beetle (D)
  25 vault guards (D)
  2 merfolk avatars (D)
  2 naga warriors (D)
  3 ogre magi (D)
  2 centaur warriors (D)
  A two-headed ogre (D)
  A satyr (D)
  2 alligators (D)
  2 tengu warriors (D)
  A deep troll shaman (D)
  3 merfolk aquamancers (D)
  A vampire mage (D)
  A deep troll earth mage (D)
  6 orc high priests (D)
  Urug (D)
  2 hell knights (D)
  Nergalle (D)
  A salamander mystic (D)
  A deep elf knight (D)
  A spriggan berserker (D)
  A fire crab (shapeshifter) (D)
  A sea snake (D)
  A flayed ghost (D)
  A spriggan druid (D)
  An unseen horror (D)
  A naga ritualist (D)
  3 swamp dragons (D)
  A harpy (D)
  2 ironbrand convokers (D)
  4 necromancers (D)
  11 orc knights (D)
  An orc sorcerer (D)
  7 wolf spiders (D)
  An orb spider (D)
  An ugly thing (D)
  4 moths of wrath (D)
  2 manticores (D)
  A merfolk siren (D)
  2 guardian serpents (D)
  An elephant (D)
  6 black mambas (D)
  Maurice (D)
  3 naga magi (D)
  4 cane toads (D)
  Joseph (D)
  7 vault sentinels (D)
  2 yaktaurs (D)
  2 komodo dragons (D)
  3 demonic crawlers (D)
  2 trolls (D)
  A polar bear (shapeshifter) (D)
  3 hornets (D)
  A merfolk (D)
  A meliai (D)
  A jumping spider (shapeshifter) (D)
  2 tyrant leeches (D)
  A snapping turtle (shapeshifter) (D)
  3 slime creatures (D)
  2 tarantellas (D)
  A snapping turtle (D)
  2 wyverns (D)
  A water elemental (D)
  2 wraiths (D)
  2 yaks (D)
  5 fire elementals (D)
  2 basilisks (D)
  A warg (D)
  4 nagas (D)
  An acid dragon (D)
  2 swamp worms (shapeshifter) (D)
  2 hell hounds (D)
  A floating eye (D)
  3 water moccasins (D)
  2 swamp drakes (D)
  A black bear (D)
  10 orc warriors (D)
  6 wolves (D)
  A centaur (D)
  A bullfrog (D)
  3 howler monkeys (D)
  2 orc priests (D)
  3 orc wizards (D)
  An iguana (D)
  2 adders (D)
  A gnoll (D)
  A dart slug (D)
  10 orcs (D)
  A bat skeleton (D)
  A giant cockroach (D)
  A hobgoblin (D)
  A jackal (D)
  A quokka (D)
  2 kobolds (D)
  A leopard gecko skeleton (D)
329 creatures vanquished.

Notes
Turn   | Place    | Note
-------+----------+-------------------------------------------
     0 | D        | mhtbhm the Minotaur Fighter began the quest for the Orb.
     0 | D        | Reached XP level 1. HP: 19/19 MP: 0/0
   116 | D        | Noticed a howler monkey
   121 | D        | Reached XP level 2. HP: 17/28 MP: 1/1
   126 | D        | Reached skill level 5 in Fighting
   129 | D        | Killed a howler monkey
   129 | D        | Reached skill level 5 in Armour
   129 | D        | Reached skill level 5 in Shields
   129 | D        | Reached XP level 3. HP: 13/37 MP: 2/2
   138 | D        | Reached XP level 4. HP: 20/45 MP: 3/3
   411 | D        | Found a roughly hewn altar of Beogh.
   411 | D        | Found a snail-covered altar of Cheibriados.
   411 | D        | Found a shadowy altar of Dithmenos.
   411 | D        | Found a white marble altar of Elyvilon.
   411 | D        | Found a blossoming altar of Fedhas.
   411 | D        | Found an opulent altar of Gozag.
   412 | D        | Found a hazy altar of Hepliaklqana.
   413 | D        | Found a viscous altar of Jiyva.
   414 | D        | Found an ancient bone altar of Kikubaaqudgha.
   415 | D        | Found a corrupted altar of Lugonu.
   416 | D        | Found a burning altar of Makhleb.
   417 | D        | Found a sparkling altar of Nemelex Xobeh.
   418 | D        | Found an iron altar of Okawaru.
   419 | D        | Found a stormy altar of Qazlal.
   420 | D        | Found a sacrificial altar of Ru.
   421 | D        | Found a shimmering blue altar of Sif Muna.
   422 | D        | Found a bloodstained altar of Trog.
   423 | D        | Found a hide-covered altar of Uskayaw.
   424 | D        | Found a radiant altar of Vehumet.
   425 | D        | Found an ornate altar of the Wu Jian Council.
   426 | D        | Found a shimmering altar of Xom.
   427 | D        | Found a basalt altar of Yredelemnul.
   428 | D        | Found a glowing silver altar of Zin.
   429 | D        | Found a glowing golden altar of the Shining One.
   434 | D        | Became a worshipper of Warmaster Okawaru
   491 | D        | Noticed a troll
   491 | D        | Noticed a wraith
   491 | D        | Noticed a centaur
   498 | D        | Killed a troll
   498 | D        | Reached * piety under Okawaru
   498 | D        | Reached ** piety under Okawaru
   498 | D        | Reached XP level 5. HP: 40/57 MP: 4/4
   498 | D        | Reached XP level 6. HP: 44/63 MP: 5/5
   502 | D        | Killed a wraith
   502 | D        | Reached skill level 10 in Fighting
   502 | D        | Reached skill level 10 in Armour
   506 | D        | Reached XP level 7. HP: 31/73 MP: 6/6
   701 | D        | Noticed a wyvern
   701 | D        | Noticed a wraith
   709 | D        | Killed a wyvern
   709 | D        | Reached skill level 10 in Long Blades
   723 | D        | Killed an unseen horror
   723 | D        | Reached *** piety under Okawaru
   723 | D        | Reached **** piety under Okawaru
   723 | D        | Reached XP level 8. HP: 32/83 MP: 7/7
  1188 | D        | Noticed a komodo dragon
  1188 | D        | Noticed a black mamba
  1190 | D        | Noticed a cane toad
  1191 | D        | Reached skill level 10 in Shields
  1196 | D        | Killed a komodo dragon
  1196 | D        | Reached skill level 1 in Dodging
  1207 | D        | Killed a black mamba
  1207 | D        | Reached XP level 9. HP: 84/92 MP: 8/8
  1213 | D        | Noticed an eight-headed hydra
  1219 | D        | Killed a cane toad
  1219 | D        | Reached ***** piety under Okawaru
  1219 | D        | Received a gift from Okawaru
  1227 | D        | Killed an 11-headed hydra
  1227 | D        | Reached skill level 15 in Long Blades
  1384 | D        | Noticed a komodo dragon
  1384 | D        | Noticed a cane toad
  1384 | D        | Noticed a four-headed hydra
  1394 | D        | Noticed an elephant
  1402 | D        | Killed a komodo dragon
  1402 | D        | Reached skill level 1 in Stealth
  1402 | D        | Reached skill level 1 in Evocations
  1402 | D        | Reached XP level 10. HP: 84/103 MP: 9/9
  1405 | D        | Killed a six-headed hydra
  1416 | D        | Killed a cane toad
  1422 | D        | Received a gift from Okawaru
  1432 | D        | Killed an elephant
  1648 | D        | Reached skill level 15 in Fighting
  1722 | D        | Noticed Joseph
  1726 | D        | Noticed Maurice
  1734 | D        | Killed Joseph
  1743 | D        | Killed Maurice
  1743 | D        | Reached skill level 15 in Armour
  1820 | D        | Reached ****** piety under Okawaru
  1994 | D        | Noticed an orc knight
  2016 | D        | Killed an orc knight
  2016 | D        | Reached XP level 11. HP: 62/114 MP: 10/10
  2029 | D        | Noticed an orc sorcerer
  2039 | D        | Killed an orc sorcerer
  2324 | D        | Found Avyal's Distillery.
  2324 | D        | Noticed an orc knight
  2324 | D        | Noticed an orc knight
  2324 | D        | Noticed an orc high priest
  2324 | D        | Noticed an orc knight
  2324 | D        | Noticed an orc knight
  2325 | D        | Noticed an orc high priest
  2331 | D        | Killed an orc knight
  2332 | D        | Noticed an orc high priest
  2333 | D        | Killed an orc knight
  2334 | D        | Found Pypiysipt's Distillery.
  2338 | D        | Killed an orc high priest
  2341 | D        | Killed an orc knight
  2350 | D        | Killed an orc knight
  2350 | D        | Received a gift from Okawaru
  2354 | D        | Killed an orc high priest
  2354 | D        | Reached skill level 15 in Shields
  2356 | D        | Found Filasch's Jewellery Emporium.
  2357 | D        | Noticed an orc high priest
  2358 | D        | Noticed an orc knight
  2363 | D        | Noticed an orc high priest
  2365 | D        | Killed an orc high priest
  2366 | D        | Found Utuydeta's Magic Scroll Shoppe.
  2366 | D        | Noticed an orc high priest
  2367 | D        | HP: 3/117 [orc high priest/+0 glaive (6)]
  2371 | D        | Noticed a sixfirhy
  2694 | D        | Killed an orc high priest
  2762 | D        | Killed an orc knight
  2777 | D        | Killed an orc high priest
  2777 | D        | Reached skill level 5 in Dodging
  2783 | D        | Noticed an orc knight
  2784 | D        | Noticed a sixfirhy
  2797 | D        | Noticed an orc knight
  2799 | D        | Killed an orc high priest
  2814 | D        | Killed an orc knight
  2822 | D        | Killed an orc knight
  2822 | D        | Reached XP level 12. HP: 79/127 MP: 11/11
  2835 | D        | Got a dazzling hat {god gift}
  2846 | D        | Identified the +2 hat of the Journeyman {*Drain rF+ rC+
                  | Str+2} (Okawaru gifted it to you in the Dungeon)
  3051 | D        | Bought a potion of heal wounds for 55 gold pieces
  3051 | D        | Bought 2 potions of haste for 220 gold pieces
  3053 | D        | Bought a potion of heal wounds for 50 gold pieces
  3053 | D        | Bought a potion of might for 40 gold pieces
  3053 | D        | Bought a potion of haste for 100 gold pieces
  3053 | D        | Bought a potion of curing for 30 gold pieces
  3053 | D        | Bought a potion of curing for 30 gold pieces
  3055 | D        | Bought the amulet of Discretion {Reflect rF++ rN+ Int-3
                  | SH+5} for 681 gold pieces
  3062 | D        | Bought a scroll of identify for 24 gold pieces
  3062 | D        | Bought a scroll of identify for 24 gold pieces
  3066 | D        | Bought a potion of curing for 30 gold pieces
  3066 | D        | Bought a potion of resistance for 100 gold pieces
  3068 | D        | Bought a potion of invisibility for 88 gold pieces
  3092 | D        | Noticed Urug
  3105 | D        | Killed Urug
  3295 | D        | Got the +8 falchion of the End {vorpal, +Blink Int-2 Dex+8}
  3380 | D        | Noticed a centaur warrior
  3380 | D        | Noticed a two-headed ogre
  3384 | D        | Killed a centaur warrior
  3384 | D        | Reached skill level 1 in Invocations
  3386 | D        | Noticed a stone giant
  3391 | D        | Killed a two-headed ogre
  3394 | D        | Noticed a tengu warrior
  3397 | D        | Noticed an ettin
  3401 | D        | Noticed a purple very ugly thing
  3407 | D        | Killed a stone giant
  3407 | D        | Received a gift from Okawaru
  3424 | D        | Noticed a rakshasa
  3425 | D        | Killed a purple very ugly thing
  3426 | D        | Killed a tengu warrior
  3429 | D        | Killed an ettin
  3447 | D        | Killed a rakshasa
  3862 | D        | Noticed Azrael
  3873 | D        | Killed Azrael
  3933 | D        | Noticed a satyr
  3938 | D        | Noticed a merfolk avatar
  3955 | D        | Killed a satyr
  3958 | D        | Reached XP level 13. HP: 135/138 MP: 13/13
  4092 | D        | Received a gift from Okawaru
  4124 | D        | Reached skill level 1 in Throwing
  4608 | D        | Noticed Donald
  4624 | D        | Killed Donald
  4680 | D        | Noticed Nergalle
  4692 | D        | Killed Nergalle
  4737 | D        | Noticed a stone giant
  4745 | D        | Noticed a stone giant
  4755 | D        | Received a gift from Okawaru
  4755 | D        | Reached skill level 5 in Throwing
  4766 | D        | Killed a stone giant
  4773 | D        | Paralysed by a floating eye for 3 turns
  4780 | D        | Paralysed by a floating eye for 2 turns
  4783 | D        | Noticed a stone giant
  4787 | D        | Noticed an ettin
  4788 | D        | Paralysed by a floating eye for 4 turns
  4792 | D        | Reached XP level 14. HP: 96/151 MP: 14/14
  4802 | D        | Killed a stone giant
  4807 | D        | Killed a stone giant
  4830 | D        | Noticed a tengu reaver
  4841 | D        | Noticed a frost giant
  4851 | D        | Killed a tengu reaver
  4856 | D        | Killed a frost giant
  4938 | D        | Noticed an ironheart preserver
  4957 | D        | Killed an ironheart preserver
  4959 | D        | Received a gift from Okawaru
  4963 | D        | Noticed an ironheart preserver
  4976 | D        | Noticed a tengu reaver
  4981 | D        | Killed an ironheart preserver
  4987 | D        | Noticed a stone giant
  4994 | D        | Noticed a vault warden
  5009 | D        | Killed a tengu reaver
  5015 | D        | Killed a stone giant
  5028 | D        | Killed a vault warden
  5183 | D        | Noticed Snorg
  5188 | D        | Killed Snorg
  5448 | D        | Received a gift from Okawaru
  5511 | D        | Got a decaying rune of Zot
  5518 | D        | Noticed an emperor scorpion
  5518 | D        | Noticed an emperor scorpion
  5518 | D        | Noticed an emperor scorpion
  5528 | D        | Killed an emperor scorpion
  5528 | D        | Received a gift from Okawaru
  5528 | D        | Reached XP level 15. HP: 166/166 MP: 15/15
  5529 | D        | Found the +8 orange crystal plate armour {Archmagi, Int+3
                  | Clar}
  5616 | D        | Got a gossamer rune of Zot
  5684 | D        | Noticed a nagaraja
  5684 | D        | Noticed a nagaraja
  5685 | D        | Noticed a nagaraja
  5691 | D        | Killed a nagaraja
  5694 | D        | Killed a nagaraja
  5694 | D        | Reached skill level 27 in Shields
  5699 | D        | Killed a nagaraja
  5701 | D        | Noticed a nagaraja
  5722 | D        | Killed a nagaraja
  5722 | D        | Received a gift from Okawaru
  5743 | D        | Got a serpentine rune of Zot
  5994 | D        | Noticed Ilsuiw
  6004 | D        | Killed Ilsuiw
  6043 | D        | Got a barnacled rune of Zot
  6098 | D        | Noticed Mara
  6109 | D        | Noticed mhtbhm's illusion
  6158 | D        | Noticed mhtbhm's illusion
  6188 | D        | Noticed mhtbhm's illusion
  6196 | D        | Killed Mara
  6196 | D        | Received a gift from Okawaru
  6196 | D        | Reached skill level 10 in Throwing
  6196 | D        | Reached skill level 5 in Evocations
  6565 | D        | Reached XP level 16. HP: 182/182 MP: 17/17
  6591 | D        | Reached skill level 27 in Fighting
  6634 | D        | Reached skill level 27 in Long Blades
  6637 | D        | Received a gift from Okawaru
  6644 | D        | Reached skill level 5 in Invocations
  6728 | D        | Noticed a shadow dragon
  6741 | D        | Killed a shadow dragon
  6743 | D        | Noticed a shadow dragon
  6746 | D        | Noticed a shadow dragon
  6757 | D        | Killed a shadow dragon
  6759 | D        | Killed a shadow dragon
  6891 | D        | Noticed a shadow dragon
  6891 | D        | Noticed a titan
  6891 | D        | Noticed a tentacled monstrosity
  6891 | D        | Noticed a shadow dragon
  6894 | D        | Killed a titan
  6894 | D        | Received a gift from Okawaru
  6894 | D        | Reached skill level 15 in Throwing
  6897 | D        | Killed a shadow dragon
  6897 | D        | Received a gift from Okawaru
  6901 | D        | Noticed a shadow dragon
  6903 | D        | Killed a tentacled monstrosity
  6904 | D        | Noticed a shadow dragon
  6911 | D        | Killed a shadow dragon
  6911 | D        | Reached skill level 10 in Dodging
  6911 | D        | Reached skill level 10 in Invocations
  6922 | D        | Killed a shadow dragon
  6926 | D        | Killed a shadow dragon
  6929 | D        | Got a silver rune of Zot
  6955 | D        | Got a pair of translucent boots
  6966 | D        | Identified the cursed +0 pair of boots of Loiluropt {+Inv}
                  | (You found it in the Dungeon)
  7021 | D        | Noticed Nessos
  7026 | D        | Killed Nessos
  7073 | D        | Noticed Jory
  7091 | D        | Killed Jory
  7091 | D        | Received a gift from Okawaru
  7091 | D        | Reached XP level 17. HP: 179/191 MP: 22/24
  7149 | D        | Got the ring "Vunabruz" {rElec rF+ SInv}
  7151 | D        | Got the amulet of the Mackerel {Reflect rN++ Str+5 Dex-5
                  | SH+5}
  7153 | D        | Got the ring "Meimy" {rElec rPois rF+ Str-3 Int+4}
  7155 | D        | Got the ring of Ziasilyh {rPois rF+ Str+4}
  7157 | D        | Got the ring of Fapecloy {Fire *Drain Int+5}
  7256 | D        | Noticed Xtahua
  7263 | D        | Killed Xtahua
  7281 | D        | Noticed Margery
  7297 | D        | Killed Margery
  7436 | D        | Noticed Frederick
  7452 | D        | Killed Frederick
  7518 | D        | Reached skill level 10 in Evocations
  7533 | D        | Received a gift from Okawaru
  7545 | D        | Noticed a golden dragon
  7570 | D        | Killed a golden dragon
  7570 | D        | Reached skill level 27 in Armour
  7631 | D        | Noticed an electric golem
  7631 | D        | Noticed a tentacled monstrosity
  7643 | D        | Killed a tentacled monstrosity
  7664 | D        | Killed from afar by an electric golem

Illustrated notes

Levels and vault maps discovered:
D:        linesprint [early_d, line_temple, items_1, d_10, items_2, lair_1,
          lair_end, items_3, orc_1, orc_end, items_4, d_15, swamp_1, shoals_1,
          snake_1, spider_1, d_20, vaults_1, items_5, swamp_end, shoals_end,
          snake_end, spider_end, vaults_end, d_27, items_6, zot_1, zot_end,
          crypt_end, forest_end, elf_end, slime_end, tomb_end, abyss_end,
          pan_hell_end]

Skill      XL: |  1  2  3  4  5  6  7  8  9 10 11 12 13 14 15 16 17 |
---------------+----------------------------------------------------+-----
Fighting       | 4 6 9 10 11 12 14 15 17 19 21 23 26 27 | 27.0
Armour         | 4 5 6 9 10 11 12 13 15 16 17 18 19 21 24 27 | 27.0
Shields        | 4 5 6 7 8 9 10 11 13 16 18 22 25 27 | 27.0
Long Blades    | 3 4 7 9 11 13 15 17 18 20 21 23 26 27 | 27.0
Dodging        | 1 2 4 5 6 7 10 12 | 12.6
Stealth        | 1 2 3 |  3.7
Evocations     | 1 3 4 5 9 10 | 10.5
Invocations    | 1 3 10 13 | 13.1
Throwing       | 5 6 10 17 23 | 23.2

Action                   |  1- 3 |  4- 6 |  7- 9 | 10-12 | 13-15 | 16-18 || total
-------------------------+-------+-------+-------+-------+-------+-------++-------
Melee: Long sword        |    27 |       |       |       |       |       ||    27
       Headbutt          |     7 |     2 |    25 |    85 |   194 |    92 ||   405
       Scimitar          |       |    12 |    81 |   238 |    38 |       ||   369
       Falchion          |       |       |       |    53 |       |       ||    53
       Demon blade       |       |       |       |    48 |   510 |   147 ||   705
       Double sword      |       |       |       |       |    19 |   117 ||   136
Throw: Javelin           |       |       |       |       |    30 |    33 ||    63
       Dart              |       |       |       |       |     4 |       ||     4
Invok: Heroism           |       |       |       |     2 |     1 |       ||     3
       Finesse           |       |       |       |       |     1 |       ||     1
Evoke: Wand              |       |     1 |     1 |    11 |     3 |       ||    16
  Use: Potion            |     1 |       |       |     6 |     1 |       ||     8
       Scroll            |       |       |       |     1 |       |     3 ||     4
Armor: Scale mail        |     8 |       |       |       |       |       ||     8
       Chain mail        |       |    10 |    29 |    36 |       |       ||    75
       Plate armour      |       |       |       |    17 |   120 |    29 ||   166
Dodge: Dodged            |     7 |     3 |    11 |    39 |    55 |    38 ||   153
Block: Kite shield       |    10 |     6 |    34 |   100 |       |       ||   150
       Tower shield      |       |       |       |    68 |   539 |   217 ||   824
       Reflection        |       |       |       |     2 |    23 |    11 ||    36
       Rpst.: Long sword |     1 |       |       |       |       |       ||     1
       Scimitar          |       |       |     4 |     5 |       |       ||     9
       Demon blade       |       |       |       |     2 |     4 |     2 ||     8
       Double sword      |       |       |       |       |       |     2 ||     2

Table legend: (Time is in decaauts)
 A = Elapsed time spent in this place.
 B = Non-inter-level travel time spent in this place.
 C = Inter-level travel time spent in this place.
 D = Time resting spent in this place.
 E = Time spent auto-exploring this place.
 F = Levels seen in this place.
 G = Mean time per level.
                   A        B        C        D        E       F      G
               +--------+--------+--------+--------+--------+-----+--------+
         Total |   7245 |   7245 |      0 |   3126 |   1411 |   1 | 7245.0 |
       Dungeon |   7245 |   7245 |      0 |   3126 |   1411 |   1 | 7245.0 |
               +--------+--------+--------+--------+--------+-----+--------+

Top non-repeatable levels by time:
       D: 7245 daAuts
